 Dungeon Crawl Stone Soup version 0.31-a0-221-gbddc013574 (webtiles) character file.

Game seed: 12660808087213111026

263 qw the Shooter (level 5, -7/45 HPs)
             Began as a Minotaur Hexslinger on July 4, 2023.
             Mangled by an ogre
             ... wielding a +0 giant spiked club
              (24 damage)
             ... on level 4 of the Dungeon.
             The game lasted 00:01:02 (2930 turns).

qw the Shooter (Minotaur Hexslinger)                Turns: 2930, Time: 00:01:03

Health: -7/45      AC:  6    Str: 13    XL:     5   Next: 97%
Magic:  5/5        EV: 11    Int: 10    God:
Gold:   246        SH:  0    Dex: 14    Spells: 5/6 levels left

rFire   . . .        Y - +2 sling
rCold   . . .        (no shield)
rNeg    . . .        e - +0 ring mail
rPois   .            (helmet restricted)
rElec   .            (no cloak)
rCorr   .            (no gloves)
SInv    .            b - +0 pair of boots
Will    .....        a - amulet of faith
Stlth   +            (no ring)
HPRegen 0.27/turn    (no ring)
MPRegen 0.09/turn

%: faith
@: no status effects
A: horns 2, retaliatory headbutt
a: no special abilities


You were on level 4 of the Dungeon.
You visited 1 branch of the dungeon, and saw 4 of its levels.

You collected 246 gold pieces.


Innate Abilities, Weirdness & Mutations

You have a pair of horns on your head.
You reflexively headbutt those who attack you in melee.


   Skills:
 + Level 3.4 Fighting
 - Level 6.1 Ranged Weapons
 - Level 1.0 Armour
 - Level 2.1 Dodging
 - Level 1.0 Spellcasting
 - Level 2.0 Hexes


You had 5 spell levels left.
You knew the following spells:

 Your Spells              Type           Power      Damage    Failure   Level
a - Slow                  Hex            16%        N/A       32%         1

Your spell library contained the following spells:

 Spells                   Type           Power      Damage    Failure   Level
 Inner Flame              Hex/Fire       2%         N/A       82%         3
 Portal Projectile        Hex/Tloc       4%         N/A       82%         3
 Cause Fear               Hex            2%         N/A       97%         4

Inventory:

Hand Weapons
 Y - a +2 sling (weapon)
Armour
 b - a +0 pair of boots (worn)
 e - a +0 ring mail (worn)
Jewellery
 a - an amulet of faith (around neck)
Scrolls
 f - a scroll of teleportation
 g - a scroll of silence {unknown}
Potions
 c - a potion of heal wounds {unknown}
 d - 2 potions of curing

Dungeon Overview and Level Annotations

Branches:
Dungeon (4/15)
 Temple: D:4-7

Altars:
Ru
The Shining One

Annotations:
D:3 1 runed translucent door, qw's ghost, amateur GrFi


Message History

Enter note:
Enter note:
Enter note:
Enter note:
Enter note:
Enter note: You shoot a sling bullet.
The sling bullet hits the endoplasm!
You kill the endoplasm!
An ogre comes into view. It is wielding a +0 giant spiked club.
Enter note:
Enter note:
Enter note:
Enter note:
Enter note:
Enter note:
Enter note:
Enter note:
Enter note: You shoot a sling bullet.
The sling bullet barely misses the ogre.
You shoot a sling bullet. The sling bullet hits the ogre.
The ogre is lightly wounded.
The ogre closely misses you.
You shoot a sling bullet.
The sling bullet completely misses the ogre.
The ogre hits you with a +0 giant spiked club!!
Ouch! That really hurt!
You shoot a sling bullet. The sling bullet hits the ogre.
The ogre is moderately wounded.
The ogre closely misses you. You furiously retaliate!
You headbutt the ogre. You shoot a sling bullet.
The sling bullet hits the ogre.
The ogre is heavily wounded.
The ogre barely misses you.
You shoot a sling bullet. The sling bullet hits the ogre!
The ogre is almost dead.
You shoot a sling bullet. The sling bullet hits the ogre.
The ogre is almost dead.
The ogre hits you with a +0 giant spiked club!!
Ouch! That really hurt!
You die...

.....#.#. ..$#...#
...?... ## ..... ..
.... #.####..####
#######
###.....O....###
.......
........@.......
#######
######.#.###### #
##...# #####
#...##### ### ....#
####......... ..#
..#.# #........####
#.# #.#.##
####.#).....# #.#
#....###....#......#
#.#
.........####......#
#.#


You could see an ogre.

Vanquished Creatures
  A scorpion (D:4)
  A jelly (D:4)
  A hound (D:4)
  An iguana (D:4)
  Robin (D:3)
  A river rat (D:3)
  An adder (D:4)
  5 worms
  2 dart slugs (D:1)
  4 endoplasms
  3 giant cockroaches
  10 hobgoblins
  5 kobolds
  3 quokkas
  5 ball pythons
  5 bats
  2 frilled lizards (D:1)
  15 goblins
  6 rats
72 creatures vanquished.

Notes
Turn   | Place    | Note
-------+----------+-------------------------------------------
     0 | D:1      | qw the Minotaur Hexslinger began the quest for the Orb.
     0 | D:1      | Reached XP level 1. HP: 16/16 MP: 1/1
     0 | D:1      | 0 ||| qw: Version: 0.3-a-40-ge99b1a8
     0 | D:1      | 0 ||| qw: Game counter: 677
     0 | D:1      | 0 ||| qw: Melee chars always use a shield: true
     0 | D:1      | 0 ||| qw: God list: Okawaru
     0 | D:1      | 0 ||| qw: Allow faded altars: false
     0 | D:1      | 0 ||| qw: Do Orc after clearing Dungeon:15 true
     0 | D:1      | 0 ||| qw: Do second Lair branch before Depths: true
     0 | D:1      | 0 ||| qw: Lair rune preference: random
     0 | D:1      | 0 ||| qw: Goals: Normal
     0 | D:1      | 0 ||| PLANNING D:1-11
    80 | D:1      | Found a faded altar of an unknown god.
   239 | D:1      | Reached skill level 3 in Ranged Weapons
   239 | D:1      | Reached XP level 2. HP: 23/23 MP: 2/2
   606 | D:1      | 606 ||| FLEEEEING.
   607 | D:1      | 607 ||| FLEEEEING.
   754 | D:1      | 754 ||| UPGRADING to +0 leather armour.
   764 | D:1      | 764 ||| DROPPING +0 robe.
   765 | D:1      | 765 ||| READING scroll labelled SEVVIT TAEMP.
   766 | D:1      | 766 ||| READING scroll labelled FOGUMP NIR KYW.
   767 | D:1      | 767 ||| READING scroll labelled GISMIC AMYOM.
  1074 | D:1      | 1074 ||| READING scroll labelled PYIGHU WETAO.
  1075 | D:1      | 1075 ||| READING scroll labelled SODILU YKHA.
  1076 | D:1      | 1076 ||| DRINKING 2 dark potions.
  1077 | D:1      | 1077 ||| DRINKING 3 fizzy grey potions.
  1106 | D:1      | 1106 ||| DROPPING scroll of poison.
  1107 | D:1      | 1107 ||| DROPPING 2 potions of lignification.
  1156 | D:2      | You fall into a shaft and drop 2 floors!
  1161 | D:4      | Reached skill level 4 in Ranged Weapons
  1161 | D:4      | Reached XP level 3. HP: 29/29 MP: 3/3
  1199 | D:3      | 1199 ||| PLANNING SEWER
  1210 | D:3      | Found a runed translucent door.
  1210 | D:3      | Noticed qw's ghost (amateur GrFi)
  1356 | D:3      | Reached XP level 4. HP: 33/36 MP: 4/4
  1500 | D:3      | Noticed Robin
  1508 | D:3      | Killed Robin
  1509 | D:3      | Reached skill level 5 in Ranged Weapons
  1847 | D:3      | Found a glowing golden altar of the Shining One.
  1901 | D:3      | 1901 ||| RIP SEWER
  1960 | D:3      | 1960 ||| PLANNING D:1-11
  1960 | D:3      | 1960 ||| UPGRADING to +0 pair of boots.
  1965 | D:3      | 1965 ||| UPGRADING to +0 ring mail.
  1975 | D:3      | 1975 ||| DROPPING +0 leather armour.
  1976 | D:3      | 1976 ||| UPGRADING to amulet of faith.
  1981 | D:3      | 1981 ||| READING scroll labelled HYRODA JUZIRY.
  2107 | D:2      | Reached skill level 1 in Armour
  2455 | D:4      | Reached XP level 5. HP: 42/42 MP: 5/5
  2510 | D:4      | Reached skill level 3 in Fighting
  2742 | D:4      | Found a sacrificial altar of Ru.
  2748 | D:4      | Reached skill level 6 in Ranged Weapons
  2923 | D:4      | Noticed an ogre
  2930 | D:4      | Mangled by an ogre

Levels and vault maps discovered:
D:1:      saegor_arrival_simple_c, layout_basic,
          hellmonk_ecumenical_altar_leap_of_faith, serial_co_window_serial,
          co_window_corner_a, co_window_corner_a, co_window_corner_a,
          co_window_of_opportunity_a, co_window_corner_a, co_window_2corner,
          co_window_corner_ca, co_window_unsneaky_path_e, co_window_corner_cb,
          co_window_4corner_b, co_window_paths_e, glass_columns_a,
          dreamdust_princess_corridor, minmay_octomino_j4
D:2:      layout_rooms
D:3:      layout_loops_ring, nicolae_tso_swordbearing_angel,
          ebering_ghost_inner_flame, gup_sewer_entry_bowl, uniq_robin
D:4:      layout_rooms, nicolae_ru_sacrificial_ziggurat, serial_shops,
          nicolae_shop_advertising_works [nicolae_subvault_shop_adworks],
          chequers_arboretum

Skill      XL: |  1  2  3  4  5 |
---------------+----------------+-----
Ranged Weapons | 3 4 5 6 |  6.1
Fighting       | 2 3 |  3.4
Armour         | 1 |  1.0
Dodging        | |  2.1
Spellcasting   | |  1.0
Hexes          | |  2.0

Action                     |  1- 3 |  4- 6 || total
---------------------------+-------+-------++-------
   Fire: Sling             |    67 |   160 ||   227
    Use: Scroll            |     5 |     1 ||     6
         Potion            |     2 |       ||     2
 Armour: Robe              |     2 |       ||     2
         Leather armour    |     1 |     4 ||     5
         Ring mail         |       |    16 ||    16
  Dodge: Dodged            |    12 |    40 ||    52

Table legend:
 A = Non-vault XP
 B = Vault XP
 C = Vault XP percentage of total XP
 D = Non-vault monster count
 E = Vault monster count
 F = Vault count percentage of total count
                 A         B        C        D         E       F
            +---------+---------+-------+---------+---------+-------
      Total |     321 |      55 |  14.6 |      56 |      16 |  22.2
            +---------+---------+-------+---------+---------+-------
        D:1 |      31 |       1 |   3.1 |      19 |       1 |   5.0
        D:2 |      37 |       0 |   0.0 |      15 |       0 |   0.0
        D:3 |      18 |      54 |  75.0 |       8 |      15 |  65.2
        D:4 |     235 |       0 |   0.0 |      14 |       0 |   0.0
            +---------+---------+-------+---------+---------+-------
